 Dungeon Crawl Stone Soup version 0.18.1-50-g88ac8fd (webtiles) character file.

1106 Gargoyl the Covered (level 8, 0/62 HPs)
             Began as a Demonspawn Abyssal Knight on Sept 13, 2016.
             Was a Priest of Lugonu.
             Killed from afar by an orc wizard (4 damage)
             ... with a magic dart
             ... on level 6 of the Dungeon.
             The game lasted 00:11:43 (6176 turns).

Gargoyl the Covered (Demonspawn Abyssal Knight)     Turns: 6176, Time: 00:11:44

Health: 0/62       AC: 15    Str: 14    XL:     8   Next: 11%
Magic:  10/10      EV:  4    Int: 13    God:    Lugonu [***...]
Gold:   338        SH:  0    Dex: 14    Spells: 0 memorised, 7 levels left

rFire  + . .     SeeInvis .     a - +2 hand axe
rCold  + . .     Gourm    +     t - +0 plate armour
rNeg   . . .     Faith    .     (no shield)
rPois  .         Spirit   .     (helmet restricted)
rElec  .         Dismiss  .     (no cloak)
rCorr  .         Reflect  .     (no gloves)
SustAt .         Harm     .     (no boots)
MR     .....                    p - amulet of the gourmand
Stlth  ..........               r - ring of protection from cold
                                n - ring of protection from fire

@: slowed, very slow, not resistant to hostile enchantments, extremely
unstealthy
A: horns 2, molten scales 2, powered by pain 1
a: Depart the Abyss, Bend Space, Banish, Renounce Religion


You were on level 6 of the Dungeon.
You worshipped Lugonu.
Lugonu was most pleased with you.
You were very full.

You visited 1 branch of the dungeon, and saw 6 of its levels.
You visited the Abyss 1 time.

You collected 338 gold pieces.

Inventory:

Hand Weapons
 a - a +2 hand axe (weapon)
Armour
 t - a +0 plate armour (worn)
Jewellery
 n - a ring of protection from fire (left hand)
 p - an amulet of the gourmand (around neck)
 r - a ring of protection from cold (right hand)
 u - an uncursed ring of protection from cold
 E - an uncursed ring of protection from fire
Wands
 q - a wand of flame (0/48)
 y - a wand of enslavement (14/24)
Scrolls
 b - 5 scrolls of remove curse
 d - 3 scrolls of teleportation
 l - a scroll of recharging
 m - 3 scrolls of amnesia
 o - 5 scrolls of identify
 w - a scroll of magic mapping {unknown}
 B - a scroll of blinking {unknown}
Potions
 f - a potion of magic
 h - a potion of ambrosia {unknown}
 i - a potion of degeneration {unknown}
 s - a potion of haste {unknown}
 x - 3 potions of flight
Books
 e - a book of Conjurations

   Spells                             Type                      Level
   a - Magic Dart                     Conjuration                  1
   b - Searing Ray                    Conjuration                  2
   c - Dazzling Spray                 Conjuration/Hexes            3
   d - Fulminant Prism                Conjuration/Hexes            4
   e - Iskenderun's Mystic Blast      Conjuration                  4
   f - Iskenderun's Battlesphere      Conjuration/Charms           5
 D - a book of the Tempests

   Spells                             Type                      Level
   a - Static Discharge               Conjuration/Air              3
   b - Lightning Bolt                 Conjuration/Air              5
   c - Fireball                       Conjuration/Fire             5
   d - Tornado                        Air                          9
   e - Shatter                        Earth                        9
Comestibles
 c - 2 bread rations
 j - 8 fruits
 k - a beef jerky
 A - a meat ration


   Skills:
 + Level 5.0 Fighting
 + Level 4.1 Axes
 * Level 6.3 Armour
 + Level 2.2 Dodging
 + Level 0.6 Stealth
 + Level 3.7 Invocations


You had 7 spell levels left.
You didn't know any spells.

Dungeon Overview and Level Annotations

Branches:
Dungeon (6/15)             Temple (0/1) D:4

Altars:
Fedhas
Kikubaaqudgha
Makhleb
Qazlal
Ru
Vehumet
The Shining One


Innate Abilities, Weirdness & Mutations

You have a pair of horns on your head.
You are mostly covered in molten scales (AC +3, EV -1).
You sometimes gain a little power by taking damage.


Message History

The orc wizard seems to speed up.
The orc hits you with a hand axe.
* * * LOW HITPOINT WARNING * * *
You hit the orc wizard.
The orc wizard is almost dead.
You completely miss the orc.
The orc is almost dead.
The orc wizard barely misses you. The orc hits you with a hand axe.
* * * LOW HITPOINT WARNING * * *
The orc wizard mumbles some strange words.
The orc wizard blinks!
The orc wizard casts a spell at you. The magic dart hits you!
* * * LOW HITPOINT WARNING * * *
The orc barely misses you.
The orc wizard casts a spell.
The orc wizard blinks!
You see here 24 stones.
The orc wizard casts a spell at you. The magic dart hits you!
You die...

..........##.##.#.## #..........
..........#####....## #.#.......#
.........## #.....# #.####.####
........# #.....# #.# #.#
.......### #.###.# #.# #.#
......##..## #.###.###.# #.####
.....##....## #...o.....# #.##.#
''####..<...####....########.....
..+.........')o(@ยง...............
###.........####....##########...
#.......## ##.#.# ##.# ##(....##
###.# ###### ##...# #.# #..)..
##+# #.# #.#### #.# #.# #.#
####.### #.# #.# #......# #.# #.#


You could see an orc wizard and an orc.

Vanquished Creatures
  2 orc warriors (D:6)
  A sky beast (D:5)
  2 centaurs
  3 crimson imps (D:6)
  A giant frog skeleton (D:5)
  3 hounds (D:5)
  A jelly (D:5)
  An orc wizard (D:6)
  4 worker ants
  A hound skeleton (D:5)
  4 gnolls
  A howler monkey skeleton (D:5)
  8 adders
  A shadow imp (D:5)
  An ooze (D:1)
  An adder skeleton (D:5)
  3 worms
  2 dart slugs (D:1)
  4 giant geckos
  10 orcs
  6 giant cockroaches
  10 goblins
  11 hobgoblins
  5 jackals
  4 quokkas
  A ball python (D:2)
  9 bats
  6 giant newts
  13 kobolds
  7 rats
126 creatures vanquished.

Vanquished Creatures (others)
  A crimson imp (D:5)
1 creature vanquished.

Grand Total: 127 creatures vanquished

Notes
Turn   | Place    | Note
--------------------------------------------------------------
     0 | Abyss:1  | Gargoyl the Demonspawn Abyssal Knight began the quest for the Orb.
     0 | Abyss:1  | Reached XP level 1. HP: 18/18 MP: 2/2
   135 | Abyss:3  | Noticed a large abomination
   176 | Abyss:3  | Noticed a large abomination
   177 | Abyss:3  | Noticed a raiju
   178 | Abyss:3  | Noticed a flying skull
   180 | D:1      | Escaped the Abyss
   349 | D:1      | Gained mutation: You have a pair of small horns on your head. [demonic ancestry]
   349 | D:1      | Reached XP level 2. HP: 20/24 MP: 3/3
   350 | D:1      | Reached * piety under Lugonu
   388 | D:1      | Reached skill level 1 in Dodging
   398 | D:1      | Reached skill level 2 in Armour
   417 | D:1      | Gained mutation: You are partially covered in molten scales (AC +1). [demonic ancestry]
   417 | D:1      | Reached XP level 3. HP: 23/29 MP: 5/5
  1105 | D:2      | Found a glowing golden altar of the Shining One.
  1112 | D:2      | Reached ** piety under Lugonu
  1436 | D:2      | Gained mutation: You have a pair of horns on your head. [demonic ancestry]
  1436 | D:2      | Reached XP level 4. HP: 27/37 MP: 6/6
  1875 | D:3      | Found a stormy altar of Qazlal.
  1920 | D:3      | Found a blossoming altar of Fedhas.
  1939 | D:3      | Reached skill level 3 in Armour
  2086 | D:3      | Reached XP level 5. HP: 31/42 MP: 7/7
  2103 | D:3      | Reached *** piety under Lugonu
  3016 | D:4      | Found an ancient bone altar of Kikubaaqudgha.
  3029 | D:4      | Found a staircase to the Ecumenical Temple.
  3764 | D:5      | Entered Level 5 of the Dungeon
  3888 | D:5      | Reached skill level 4 in Armour
  3888 | D:5      | Gained mutation: You sometimes gain a little power by taking damage. [demonic ancestry]
  3888 | D:5      | Reached XP level 6. HP: 40/48 MP: 5/8
  4249 | D:5      | Noticed a sky beast
  4354 | D:5      | Killed a sky beast
  4354 | D:5      | Reached XP level 7. HP: 32/55 MP: 9/9
  4457 | D:5      | Reached skill level 5 in Armour
  4877 | D:6      | Found a sacrificial altar of Ru.
  5349 | D:6      | Found a burning altar of Makhleb.
  5349 | D:6      | Found a radiant altar of Vehumet.
  5391 | D:6      | Reached **** piety under Lugonu
  5906 | D:6      | Reached skill level 6 in Armour
  6009 | D:6      | Reached skill level 5 in Fighting
  6009 | D:6      | Gained mutation: You are mostly covered in molten scales (AC +3, EV -1). [demonic ancestry]
  6009 | D:6      | Reached XP level 8. HP: 62/62 MP: 10/10
  6176 | D:6      | Killed from afar by an orc wizard

Skill      XL: |  1  2  3  4  5  6  7 |
---------------+----------------------+-----
Axes           | 2 3 4 |  4.1
Dodging        | 1 2 |  2.2
Armour         | 2 3 4 6 |  6.3
Fighting       | 4 5 |  5.0
Invocations    | 3 |  3.7
Stealth        | |  0.6

Action                   |  1- 3 |  4- 6 |  7- 9 || total
-------------------------+-------+-------+-------++-------
Melee: Hand axe          |   135 |   251 |   128 ||   514
       Headbutt          |    10 |    31 |    25 ||    66
Invok: Depart the Abyss  |     1 |       |       ||     1
       Banish            |       |     2 |       ||     2
  Use: Scroll            |     6 |       |     1 ||     7
       Potion            |       |     6 |     3 ||     9
  Eat: Chunk             |     2 |    11 |    13 ||    26
Armor: Chain mail        |   104 |     2 |       ||   106
       Plate armour      |       |   205 |   111 ||   316
       Skin              |       |    34 |       ||    34
Dodge: Dodged            |    48 |    63 |    34 ||   145
